 Dungeon Crawl Stone Soup version 0.24.0-13-gcf9b3192b9 (webtiles) character file.

Game seed: 227016033140992482, levelgen mode: classic

124600 EnegeticOcto the Severer (level 16, 126/146 HPs)
             Began as a Minotaur Fighter on Nov 6, 2019.
             Was an Initiate of Gozag.
             Quit the game on level 4 of the Swamp.
             The game lasted 00:19:45 (24400 turns).

EnegeticOcto the Severer (Minotaur Fighter)        Turns: 24400, Time: 00:19:46

Health: 126/146    AC: 35    Str: 36    XL:     16   Next: 9%
Magic:  21/21      EV: 12    Int:  1    God:    Gozag
Gold:   3316       SH: 32    Dex: 10    Spells: 15/15 levels left

rFire    + . .     SeeInvis .   p - +8 war axe of the Mosquito {flame, rElec}
rCold    + + .     Gourm    .   c - +10 large shield of Ignorance {rN+ Int-4}
rNeg     + . .     Faith    .   v - +8 plate armour of Ysipsi {Str+3}
rPois    +         Spirit   +   r - +1 hat {MR+}
rElec    +         Reflect  .   D - +0 cloak
rCorr    +         Harm     .   B - +0 pair of gloves
MR       ++...                  d - +0 pair of boots
Stlth    ..........             a - amulet of guardian spirit
HPRegen  0.34/turn              b - ring of protection from cold
MPRegen  0.17/turn              y - +5 ring of protection

@: mighty, resistant, flying
A: retaliatory headbutt, horns 2
}: 1/15 runes: decaying
a: Potion Petition, Call Merchant, Bribe Branch, Renounce Religion


You were on level 4 of the Swamp.
You worshipped Gozag.
Gozag was most pleased with you.
You were not hungry.

You visited 5 branches of the dungeon, and saw 26 of its levels.
You also visited: Sewer.

You collected 7855 gold pieces.
You spent 3205 gold pieces at shops.
You paid 1334 gold pieces to Gozag.

Inventory:

Hand Weapons
 p - the +8 war axe of the Mosquito (weapon) {flame, rElec}
   (You bought it in a shop on level 11 of the Dungeon)

   It has been specially enchanted to burn those struck by it, causing extra
   injury to most foes and up to half again as much damage against particularly
   susceptible opponents.
   Big, fiery blades are also staple armaments of hydra-hunters.
   It insulates you from electricity.
Missiles
 f - 2 throwing nets (quivered) {!f}
Armour
 c - the +10 large shield of Ignorance (worn) {rN+ Int-4}
   (You bought it in a shop on level 2 of the Orcish Mines)

   It affects your intelligence (-4).
   It protects you from negative energy.
 d - a +0 pair of boots (worn)
 r - a +1 hat of magic resistance (worn)
 v - the +8 plate armour of Ysipsi (worn) {Str+3}
   (You found it on level 13 of the Dungeon)

   It affects your strength (+3).
 B - a +0 pair of gloves (worn)
 D - a +0 cloak (worn)
Jewellery
 a - an amulet of guardian spirit (around neck)
 b - a ring of protection from cold (left hand)
 h - an uncursed ring of resist corrosion
 i - an uncursed ring of see invisible
 m - an uncursed amulet of magic regeneration {unknown}
 y - a +5 ring of protection (right hand)
Wands
 g - a wand of digging (10)
 j - a wand of scattershot (6)
 k - a wand of enslavement (27)
 l - a wand of polymorph (31)
 n - a wand of disintegration (14)
 t - a wand of acid (16)
 u - a wand of iceblast (7)
 w - a wand of clouds (7)
 C - a wand of paralysis (38)
Potions
 q - 10 potions of curing {@q1 !q}
Miscellaneous
 s - a phantom mirror
Comestibles
 e - 23 rations


   Skills:
 + Level 14.0 Fighting
 - Level 18.0 Axes
 + Level 14.0 Armour
 + Level 12.5 Dodging
 + Level 14.1 Shields
 - Level 8.0 Evocations


You had 15 spell levels left.
You didn't know any spells.
Your spell library contained the following spells:

 Spells                   Type           Power        Failure   Level  Hunger
 Freeze                   Ice            #...         100%        1    ##.....
 Magic Dart               Conj           #...         100%        1    ##.....
 Sting                    Conj/Pois      #...         100%        1    ##.....
 Summon Small Mammal      Summ           #...         100%        1    ##.....
 Call Imp                 Summ           #.......     100%        2    ###....
 Poisonous Vapours        Pois/Air       #.....       100%        2    ###....
 Searing Ray              Conj           #.....       100%        2    ###....
 Shroud of Golubria       Chrm/Tloc      #.....       100%        2    ###....
 Song of Slaying          Chrm           #.......     100%        2    ###....
 Throw Frost              Conj/Ice       #.....       100%        2    ###....
 Call Canine Familiar     Summ           #.......     100%        3    ####...
 Dazzling Spray           Conj/Hex       #.....       100%        3    ####...
 Mephitic Cloud           Conj/Pois/Air  #.......     100%        3    ####...
 Ozocubu's Armour         Chrm/Ice       #.......     100%        3    ####...
 Summon Guardian Golem    Hex/Summ       #.......     100%        3    ####...
 Force Lance              Conj/Tloc      #.......     100%        4    #####..
 Fulminant Prism          Conj/Hex       #.........   100%        4    #####..
 Iskenderun's Mystic Bla  Conj           #.......     100%        4    #####..
 Olgreb's Toxic Radiance  Pois           #.......     100%        4    #####..
 Summon Ice Beast         Ice/Summ       #.......     100%        4    #####..
 Summon Lightning Spire   Summ/Air       #.......     100%        4    #####..
 Throw Icicle             Conj/Ice       #.......     100%        4    #####..
 Venom Bolt               Conj/Pois      #.........   100%        5    ######.
 Freezing Cloud           Conj/Ice/Air   #.........   100%        6    #######
 Tornado                  Air            #.........   100%        9    #######


Dungeon Overview and Level Annotations

Branches:
Dungeon (13/15)            Temple (1/1) D:7            Lair (6/6) D:11
  Swamp (4/4) Lair:3        Snake (0/4) Lair:3        Slime (0/5) Lair:6
    Orc (2/2) D:11            Elf (0/3) Orc:2        Vaults (0/5) D:13
  Sewer (visited)

Altars:
Ashenzari
Cheibriados
Fedhas
Gozag
Kikubaaqudgha
Okawaru
Qazlal
Ru
Trog
Uskayaw
Vehumet
Wu Jian
Xom
Yredelemnul
The Shining One
Jiyva

Shops:
D:7 %   D:11 *   Orc:2 *[}(

Annotations:
D:3 1 runed translucent door, Empheia's ghost, amateur MiFi
Lair:1 3 runed translucent doors, exclusion: oklob plant, Vew Pil's ghost, journeyman DrTm
Lair:5 3 runed translucent doors, Zevvob's ghost, journeyman OpFi
Lair:6 exclusion: molten gargoyle
Swamp:4 Aizul


Innate Abilities, Weirdness & Mutations

You reflexively headbutt those who attack you in melee.
You have a pair of horns on your head.


Message History

You burn the four-headed hydra. You slash the swamp dragon!
You burn the swamp dragon. You slash the swamp dragon!
You burn the swamp dragon. You block the swamp dragon's attack. x2
The swamp dragon barely misses you.
The swamp dragon is engulfed in freezing vapours.
The swamp dragon breathes poison at you.
The blast of poison engulfs you but does no damage.
You are poisoned.
You resist.
You slash the swamp dragon! You burn the swamp dragon.
Your headbutt misses the swamp dragon.
The swamp dragon is almost dead.
You slash the swamp dragon! You burn the swamp dragon.
You chop one of the four-headed hydra's heads off!
The flame cauterises the wound!
You slash the three-headed hydra! You burn the three-headed hydra.
You feel sick.
The four-headed hydra is engulfed in freezing vapours.
You block the three-headed hydra's attack.
The three-headed hydra barely misses you.
You block the three-headed hydra's attack.
The swamp dragon is engulfed in freezing vapours.
You kill the swamp dragon!
The swamp dragon becomes distracted by the nearby gold, dreaming of imaginary riches.
The swamp dragon roars deafeningly!
You barely miss the swamp dragon.
The swamp dragon is no longer distracted by gold.
The swamp dragon is severely wounded.
Your shield and plate armour of Ysipsi prevent you from hitting the three-headed hydra.
You slice the swamp dragon!! You burn the swamp dragon.
You kill the swamp dragon!
You slice one of the three-headed hydra's heads off!
The flame cauterises the wound!
You slash the two-headed hydra! You burn the two-headed hydra.
You barely miss the four-headed hydra.
The two-headed hydra becomes distracted by the nearby gold, dreaming of imaginary riches.
The two-headed hydra roars!
You lop one of the two-headed hydra's heads off!
The flame cauterises the wound!
You carve the one-headed hydra like a ham!!!
You burn the one-headed hydra!
You kill the one-headed hydra!
Your Fighting skill increases to level 14!
You lop one of the four-headed hydra's heads off!
The flame cauterises the wound!
You slice the three-headed hydra!! You burn the three-headed hydra.
You feel sick.
The three-headed hydra becomes distracted by the nearby gold, dreaming of imaginary riches.
The three-headed hydra roars!
You hack one of the three-headed hydra's heads off!
The flame cauterises the wound!
You hit the two-headed hydra. You burn the two-headed hydra.
You kill the two-headed hydra!
Your Armour skill increases to level 14!
The swamp dragon is no longer distracted by gold.
The swamp dragon breathes poison at you.
The blast of poison misses you.
The swamp dragon becomes distracted by the nearby gold, dreaming of imaginary riches.
Found a decaying rune of Zot.
You see here 23 gold pieces.
The swamp dragon is no longer distracted by gold.
The swamp dragon roars deafeningly!
You slash the swamp dragon! You burn the swamp dragon.
You headbutt the swamp dragon!!
The swamp dragon is almost dead.
You slash the swamp dragon! You burn the swamp dragon.
The swamp dragon is no longer distracted by gold.
You feel sick. You block the swamp dragon's attack.
The swamp dragon barely misses you. The swamp dragon misses you.
The swamp dragon becomes distracted by the nearby gold, dreaming of imaginary riches.
The swamp dragon roars deafeningly!
You slice the swamp dragon!! You burn the swamp dragon.
You kill the swamp dragon!
You slice the swamp dragon!! You burn the swamp dragon.
The swamp dragon is no longer distracted by gold.
You slice the swamp dragon!! You burn the swamp dragon.
You headbutt the swamp dragon.
You kill the swamp dragon!
No target in view!
No target in view!
No target in view!
No target in view!
No target in view!
No target in view!
No target in view!
You see here 19 gold pieces.
You feel sick.
You pick up the decaying rune and feel its power.
Press } to see all the runes you have collected.
Enter note: yay ascetic Unknown command.
You start resting.
You feel sick. x2
Magic restored.
You feel sick.
Your extra speed is starting to run out.
You start resting.
You feel sick.
You are no longer poisoned.
You start resting.
You feel yourself slow down.
You start resting.
You feel a little less agile now.
Are you sure you want to abandon this character and quit the game? (Confirm with "yes".)

≈≈≈.≈≈≈≈≈.≈.♣##$$$##♣≈...♣♣♣..♣♣
.≈..≈≈≈≈≈..?##.$☼$.##≈.≈.≈≈.≈..♣
≈..≈≈≈≈...♣#.......#♣♣≈.≈≈.≈≈.♣
...§≈≈§≈♣##.$.$$..###≈..≈≈≈≈≈♣
♣.≈♣≈≈≈.♣#○......$.##♣≈..≈≈≈.♣
♣♣♣.♣♣♣♣≈♣##$........##♣...≈≈≈.♣
.≈§≈≈♣≈≈≈♣##"........##..♣.≈≈.≈♣
...≈≈.≈.≈.♣##.......##♣≈♣♣♣.(≈≈♣
≈≈.≈≈≈.≈.≈♣####.@.###♣≈≈♣ ♣.≈≈≈≈♣
≈≈≈≈≈≈...≈≈♣# ######♣≈≈♣♣♣..≈≈≈.♣
≈≈≈.≈.≈♣♣♣..♣♣# #♣........♣.≈?♣
≈≈..§≈≈≈♣♣≈.≈.♣♣##♣≈...≈≈.≈≈♣≈.♣♣
≈≈≈≈≈≈≈≈≈♣.≈§.≈§♣≈.≈♣♣♣≈≈≈≈.§
≈≈≈≈≈≈≈<...≈..≈.≈..≈♣ .≈≈≈♣.
≈≈...≈.♣♣..≈≈≈♣....♣♣ ....♣
..♣♣♣.≈♣♣♣♣≈..≈...♣♣ ♣♣..♣ §♣
♣≈≈♣ ♣♣..≈≈≈≈♣ ...


There were no monsters in sight!

Vanquished Creatures
  Gastronok (Lair:2)
  A thorn hunter (Swamp:4)
  Louise (Swamp:1)
  Snorg (Lair:3)
  Fannar (Lair:3)
  Erolcha (D:9)
  17 hydras
  Josephine (Lair:4)
  Harold (D:8)
  An ice dragon (D:12)
  4 vault guards (D:13)
  A ghost crab (Swamp:3)
  4 two-headed ogres
  3 shambling mangroves
  3 centaur warriors
  Urug (Lair:4)
  A deep troll earth mage (D:13)
  A tengu warrior (D:13)
  17 alligators
  Nergalle (Lair:2)
  6 spriggans
  A fire crab (Lair:6)
  3 unseen horrors
  11 swamp dragons
  A spriggan druid (Swamp:4)
  Pikel (D:7)
  2 ugly things (D:13)
  2 deep elf magi
  4 orc knights
  4 cyclopes
  A wolf spider (D:13)
  A manticore (D:12)
  An orc sorcerer (Orc:1)
  2 molten gargoyles (Lair:6)
  Maurice (D:11)
  3 black mambas
  A gargoyle (D:13)
  8 spiny frogs
  6 elephants (Lair:4)
  A rime drake (Lair:4)
  A yaktaur (D:13)
  A freezing wraith (D:13)
  7 komodo dragons
  4 polar bears (D:12)
  3 trolls
  8 tyrant leeches
  13 hornets
  14 blink frogs
  5 bog bodies
  6 slime creatures
  7 dream sheep (Lair:6)
  13 hippogriffs
  2 shadows
  Sigmund (D:2)
  5 wyverns
  A yak (shapeshifter) (D:13)
  68 yaks
  Grum (D:9)
  4 wraiths
  A steam dragon (Lair:6)
  8 humans (D:13)
  A hungry ghost (D:11)
  A basilisk (Lair:5)
  9 insubstantial wisps
  10 vampire mosquitoes
  6 swamp worms
  2 wargs (Orc:2)
  A soldier ant (D:11)
  A hell hound (Lair:6)
  14 water moccasins
  A black bear (D:8)
  5 porcupines
  2 sky beasts
  10 swamp drakes
  29 orc warriors
  A slave (D:7)
  An ice beast (D:5)
  9 ogres
  A hornet zombie (D:13)
  3 phantoms
  17 centaurs
  20 wolves
  3 crocodiles
  4 big kobolds
  10 bullfrogs
  A gnoll sergeant (D:9)
  A hornet simulacrum (D:13)
  3 scorpions
  8 killer bees
  A howler monkey (D:7)
  4 crimson imps
  A centaur zombie (D:7)
  5 hounds
  3 jellies
  12 orc priests
  3 bullfrog skeletons
  A gnoll shaman (D:4)
  13 orc wizards
  2 centaur skeletons
  2 iguanas
  Natasha (twice) (D:2)
  9 worker ants
  A bullfrog simulacrum (D:13)
  A hound zombie (D:5)
  A worker ant zombie (D:8)
  A howler monkey skeleton (D:8)
  10 gnolls
  14 adders
  7 river rats (Sewer)
  2 shadow imps
  2 oozes
  2 adder skeletons (D:8)
  2 worms
  A dart slug (D:1)
  7 leopard geckos
  66 orcs
  8 ball pythons
  13 bats
  12 giant cockroaches
  8 goblins
  14 hobgoblins
  8 jackals
  6 quokkas
  5 frilled lizards
  A jackal zombie (D:5)
  36 kobolds
  2 leopard gecko skeletons
  A leopard gecko zombie (D:6)
  A quokka zombie (D:9)
  26 rats
  5 fungi
790 creatures vanquished.

Vanquished Creatures (others)
  A hornet (Swamp:1)
  An insubstantial wisp (Swamp:1)
  A swamp drake (Swamp:4)
  A slave (D:7)
  2 jackals (D:7)
  A quokka (D:7)
  4 fungi
  4 toadstools (D:8)
15 creatures vanquished.

Grand Total: 805 creatures vanquished

Notes
Turn   | Place    | Note
-------+----------+-------------------------------------------
     0 | D:1      | EnegeticOcto the Minotaur Fighter began the quest for the
                  | Orb.
     0 | D:1      | Reached XP level 1. HP: 19/19 MP: 0/0
   167 | D:1      | Reached XP level 2. HP: 21/27 MP: 1/1
   354 | D:1      | Reached skill level 3 in Axes
   393 | D:1      | Reached skill level 1 in Dodging
   655 | D:1      | Reached XP level 3. HP: 33/33 MP: 2/2
  1460 | D:2      | Noticed Sigmund
  1473 | D:2      | Killed Sigmund
  1473 | D:2      | Reached skill level 4 in Axes
  1473 | D:2      | Reached XP level 4. HP: 28/41 MP: 3/3
  1473 | D:2      | Reached XP level 5. HP: 33/47 MP: 4/4
  1693 | D:2      | Noticed Natasha
  1699 | D:2      | Killed Natasha
  1699 | D:2      | Reached XP level 6. HP: 52/53 MP: 5/5
  1872 | D:2      | Noticed Natasha
  1880 | D:2      | Killed Natasha
  2236 | D:3      | Found a runed translucent door.
  2237 | D:3      | Noticed Empheia's ghost (amateur MiFi)
  2455 | D:3      | Reached skill level 5 in Axes
  3472 | D:4      | Found a snail-covered altar of Cheibriados.
  3690 | D:4      | Reached skill level 5 in Fighting
  3690 | D:4      | Reached skill level 5 in Armour
  3690 | D:4      | Reached skill level 5 in Shields
  3868 | D:4      | Reached XP level 7. HP: 50/61 MP: 6/6
  4145 | D:4      | Found a glowing drain.
  4155 | Sewer    | Entered a sewer
  4281 | Sewer    | Reached skill level 6 in Axes
  4799 | D:5      | Entered Level 5 of the Dungeon
  4843 | D:5      | Reached XP level 8. HP: 50/70 MP: 7/7
  4994 | D:5      | Reached skill level 7 in Axes
  5244 | D:5      | Found a shimmering altar of Xom.
  5244 | D:5      | Found a faded altar of an unknown god.
  5249 | D:5      | Found a glowing golden altar of the Shining One.
  5251 | D:5      | Found a basalt altar of Yredelemnul.
  5252 | D:5      | Found a hide-covered altar of Uskayaw.
  5982 | D:6      | Found a shattered altar of Ashenzari.
  5982 | D:6      | Found a blossoming altar of Fedhas.
  6086 | D:7      | Noticed Pikel
  6088 | D:7      | Found a staircase to the Ecumenical Temple.
  6097 | Temple   | Entered the Ecumenical Temple
  6109 | Temple   | Became a worshipper of Gozag Ym Sagoz the Greedy
  6140 | D:7      | Killed Pikel
  6140 | D:7      | Reached skill level 8 in Axes
  6140 | D:7      | Reached skill level 5 in Dodging
  6160 | D:7      | Reached XP level 9. HP: 70/78 MP: 8/8
  6309 | D:7      | Noticed a two-headed ogre
  6316 | D:7      | Killed a two-headed ogre
  6316 | D:7      | Reached skill level 9 in Axes
  6636 | D:7      | Found Cuntaptode's Food Shop.
  6720 | D:7      | Reached skill level 1 in Evocations
  6840 | D:8      | Noticed a two-headed ogre
  6847 | D:8      | Killed a two-headed ogre
  6847 | D:8      | Reached skill level 10 in Axes
  6847 | D:8      | Reached XP level 10. HP: 77/88 MP: 8/10
  7009 | D:8      | Noticed Harold
  7025 | D:8      | Killed Harold
  7780 | D:9      | Noticed Grum
  7801 | D:9      | Killed Grum
  8177 | D:9      | Reached skill level 11 in Axes
  8359 | D:9      | Noticed Erolcha
  8369 | D:9      | Killed Erolcha
  8803 | D:10     | Entered Level 10 of the Dungeon
  8847 | D:10     | Noticed a deep elf mage
  8863 | D:10     | Killed a deep elf mage
  9180 | D:10     | Killed an unseen horror
  9180 | D:10     | Reached XP level 11. HP: 86/97 MP: 12/12
  9957 | D:10     | Noticed a two-headed ogre
  9963 | D:10     | Killed a two-headed ogre
  9963 | D:10     | Reached skill level 12 in Axes
 10300 | D:11     | Noticed Maurice
 10333 | D:11     | Killed Maurice
 10610 | D:11     | Found a staircase to the Orcish Mines.
 10762 | D:11     | Found a staircase to the Lair.
 11122 | D:11     | Bought the +8 war axe of the Mosquito {flame, rElec} for
                  | 1085 gold pieces
 11135 | Lair:1   | Entered Level 1 of the Lair of Beasts
 11257 | Lair:1   | Noticed an oklob plant
 11417 | Lair:1   | Found a runed translucent gate.
 11417 | Lair:1   | Found a runed translucent gate.
 11417 | Lair:1   | Found a runed translucent gate.
 11421 | Lair:1   | Noticed Vew Pil's ghost (journeyman DrTm)
 11722 | Lair:1   | Reached skill level 10 in Fighting
 11722 | Lair:1   | Reached skill level 10 in Shields
 11722 | Lair:1   | Reached XP level 12. HP: 76/106 MP: 0/14
 11726 | Lair:1   | Reached skill level 13 in Axes
 11726 | Lair:1   | Reached skill level 5 in Evocations
 12176 | Lair:2   | Noticed Nergalle
 12192 | Lair:2   | Killed Nergalle
 12192 | Lair:2   | Reached skill level 10 in Armour
 12529 | Lair:2   | Noticed Gastronok
 12545 | Lair:2   | Killed Gastronok
 13062 | Lair:3   | Noticed Fannar
 13082 | Lair:3   | Killed Fannar
 13205 | Lair:3   | Noticed Snorg
 13212 | Lair:3   | Killed Snorg
 13282 | Lair:3   | Reached skill level 14 in Axes
 13304 | Lair:3   | Found a staircase to the Swamp.
 13439 | Lair:3   | Found a staircase to the Snake Pit.
 13988 | Lair:4   | Noticed Urug
 14003 | Lair:4   | Killed Urug
 14023 | Lair:4   | Noticed an eight-headed hydra
 14029 | Lair:4   | Killed a six-headed hydra
 14134 | Lair:4   | Reached XP level 13. HP: 114/115 MP: 16/16
 14411 | Lair:4   | Noticed Josephine
 14422 | Lair:4   | Killed Josephine
 15298 | Lair:5   | Found a runed translucent gate.
 15298 | Lair:5   | Found a runed translucent gate.
 15298 | Lair:5   | Found a runed translucent gate.
 15386 | Lair:5   | Noticed Zevvob's ghost (journeyman OpFi)
 15490 | Lair:6   | Entered Level 6 of the Lair of Beasts
 15490 | Lair:6   | Found a viscous altar of Jiyva.
 15490 | Lair:6   | Found a staircase to the Slime Pits.
 15503 | Lair:6   | Reached skill level 10 in Dodging
 15525 | Lair:6   | Reached skill level 15 in Axes
 16926 | D:12     | Found a frozen archway.
 17066 | D:12     | Reached XP level 14. HP: 125/125 MP: 18/18
 17987 | D:13     | Reached skill level 16 in Axes
 17991 | D:13     | Got a bloodstained plate armour
 18002 | D:13     | Identified the +8 plate armour of Ysipsi {Str+3} (You found
                  | it on level 13 of the Dungeon)
 18374 | D:13     | Identified the Papyrus of the Birds and Protection
 18781 | D:13     | Found a gate to the Vaults.
 19170 | Orc:1    | Entered Level 1 of the Orcish Mines
 19261 | Orc:2    | Entered Level 2 of the Orcish Mines
 19650 | Orc:2    | Found a staircase to the Elven Halls.
 19908 | Orc:2    | Found a radiant altar of Vehumet.
 20108 | Orc:2    | Found Zemomufee's Gadget Shop.
 20108 | Orc:2    | Found Wyemmaof's Antique Armour Emporium.
 20170 | Orc:2    | Found Limi's Assorted Antiques.
 20210 | Orc:2    | Found Xixtiabb's Weapon Boutique.
 20225 | Orc:2    | Bought the +10 large shield of Ignorance {rN+ Int-4} for
                  | 2120 gold pieces
 20225 | Orc:2    | Found the +10 large shield of Ignorance {rN+ Int-4}
 20448 | Swamp:1  | Entered Level 1 of the Swamp
 20643 | Swamp:1  | Reached XP level 15. HP: 118/134 MP: 18/20
 20781 | Swamp:1  | Reached skill level 17 in Axes
 20907 | Swamp:1  | Noticed Louise
 20913 | Swamp:1  | Killed Louise
 23452 | Swamp:3  | Found a sacrificial altar of Ru.
 23712 | Swamp:4  | Entered Level 4 of the Swamp
 23836 | Swamp:4  | Noticed Aizul
 24331 | Swamp:4  | Noticed a thorn hunter
 24336 | Swamp:4  | Reached skill level 18 in Axes
 24344 | Swamp:4  | Killed a thorn hunter
 24352 | Swamp:4  | Reached XP level 16. HP: 123/145 MP: 17/21
 24372 | Swamp:4  | Got a decaying rune of Zot
 24373 | Swamp:4  | yay ascetic
 24400 | Swamp:4  | Quit the game

Levels and vault maps discovered:
D:1:      wander_arrival_chamber, layout_basic, minmay_tall_x
D:2:      minmay_door_path, layout_basic, uniq_natasha, uniq_sigmund
D:3:      layout_loops_corners, first_ration, ebering_ghost_reflecting_pool,
          roderic_three_in_a_row, wad_woods_river_04
D:4:      layout_loops_ring, cheibriados_altar_1, gup_sewer_entry_pipe,
          minmay_ruptured
D:5:      layout_cave_pools, chequers_temple_overflow_minitemple
D:6:      layout_loops_ring, gammafunk_temple_overflow_wave
D:7:      layout_rooms, minmay_temple_entry_trees, serial_shops, shop_coins,
          grunt_ogre_cave, uniq_pikel
D:8:      layout_basic, minmay_gold_behind_fungi, uniq_harold
D:9:      layout_stronghold, uniq_erolcha, uniq_grum
D:10:     layout_long_grid, serial_co_window_serial, co_window_corner_a,
          co_window_of_opportunity_a, co_window_of_opportunity_a,
          co_window_paths_a, co_window_paths_a, co_window_paths_a,
          co_window_paths_b, co_window_unsneaky_path_e, co_window_corner_cb,
          co_window_cross_3, co_window_4corner_b, glass_columns_a,
          glass_columns_c
D:11:     layout_roguey, lair_entry_dummy, orc_0_dummy, uniq_maurice
D:12:     layout_small_grid, portal_ice_cave_entry_animals_and_master,
          grunt_decor_one_mirror
D:13:     minmay_two_paths, layout_long_grid, ximxim_vaults_locker_room
Temple:   eino_wide_crystal_templ
Lair:1:   layout_gridlike, gammafunk_ghost_split, minmay_lair_oklob_chamber,
          lemuel_fruit_fields, infiniplex_staircase_pool_2
Lair:2:   layout_chaotic_city, uniq_nergalle, uniq_gastronok
Lair:3:   layout_concentric_octagons, swamp_mist_pool, dummy_snake_entry,
          chequers_serial_rivers_marsh, uniq_fannar, uniq_snorg
Lair:4:   layout_roguey, uniq_josephine, uniq_urug
Lair:5:   layout_hall_layers, gammafunk_ghost_icy
Lair:6:   cheibrodos_lair_end_hotspot, layout_big_grid, slime_altar_1,
          chequers_serial_rivers_large_a
Swamp:1:  layout_basic_swamp, evilmike_swamp_ruin_rubble_2, uniq_louise
Swamp:2:  layout_basic_swamp, evilmike_swamp_ruin_wall
Swamp:3:  layout_basic_swamp, lemuel_altar_in_water, swamp_pool2
Swamp:4:  swamp, layout_basic_swamp, uniq_aizul
Orc:1:    layout_diamond_mine, basic_altar, nicolae_orc_lava_room
Orc:2:    st_orc_rangers, layout_caves, gauntlet_entry_generic, basic_altar

Skill      XL: |  1  2  3  4  5  6  7  8  9 10 11 12 13 14 15 16 |
---------------+-------------------------------------------------+-----
Axes           | 3 4 5 6 8 10 11 12 14 15 16 18 | 18.0
Dodging        | 1 2 3 4 5 6 7 8 9 10 11 12 | 12.5
Fighting       | 4 5 6 7 9 10 11 12 13 14 | 14.0
Armour         | 4 5 6 7 8 9 10 11 12 13 14 | 14.0
Shields        | 4 5 6 7 9 10 11 12 13 14 | 14.1
Evocations     | 1 3 4 6 7 8 |  8.0

Action                   |  1- 3 |  4- 6 |  7- 9 | 10-12 | 13-15 | 16-18 || total
-------------------------+-------+-------+-------+-------+-------+-------++-------
Melee: War axe           |    96 |   138 |   235 |   493 |  1049 |    10 ||  2021
       Headbutt          |    17 |    20 |    46 |   118 |   224 |     4 ||   429
       Broad axe         |       |       |       |    88 |       |       ||    88
Invok: Call Merchant     |       |       |       |     1 |       |       ||     1
       Potion Petition   |       |       |       |       |     2 |       ||     2
Evoke: Wand              |       |       |       |       |    12 |       ||    12
 Stab: Distracted        |       |       |       |     5 |     6 |     1 ||    12
       Confused          |       |       |       |       |     4 |       ||     4
       Paralysed         |       |       |       |       |     3 |       ||     3
  Eat: Chunk             |     2 |    19 |     7 |       |       |       ||    28
       Ration            |       |       |       |     6 |    11 |       ||    17
Armor: Scale mail        |    39 |    46 |   116 |    20 |       |       ||   221
       Chain mail        |       |       |       |   117 |       |       ||   117
       Plate armour      |       |       |       |    89 |   370 |     1 ||   460
Dodge: Dodged            |    24 |    59 |   118 |   155 |   250 |     6 ||   612
Block: Shield            |    50 |    72 |   117 |   315 |   275 |       ||   829
       Large shield      |       |       |       |       |   612 |     9 ||   621
